 Dungeon Crawl Stone Soup version 0.21.1-1-g345015f (webtiles) character file.

56 letownia2 the Conjurer (level 3, 0/19 HPs)
             Began as a Tengu Air Elementalist on Mar 3, 2018.
             Slain by an orc wizard
             ... wielding a +0 dagger
              (4 damage)
             ... on level 4 of the Dungeon.
             The game lasted 00:05:39 (659 turns).

letownia2 the Conjurer (Tengu Air Elementalist)      Turns: 659, Time: 00:05:39

Health: 0/19       AC:  0    Str:  8    XL:     3   Next: 95%
Magic:  1/7        EV: 12    Int: 16    God:
Gold:   69         SH:  0    Dex: 14    Spells: 2/6 levels left

rFire    . . .     SeeInvis .   o - +0 flail
rCold    . . .     Gourm    .   (no shield)
rNeg     . . .     Faith    .   f - +0 leather armour
rPois    +         Spirit   .   (helmet restricted)
rElec    .         Reflect  .   (no cloak)
rCorr    .         Harm     .   (no gloves)
MR       .....                  (boots unavailable)
Stlth    ++........             (no amulet)
HPRegen  0.06/turn              h - ring of poison resistance
MPRegen  0.10/turn              m - -3 ring of protection (curse)

@: no status effects
A: beak, talons 3
a: no special abilities


You were on level 4 of the Dungeon.
You were not hungry.

You visited 1 branch of the dungeon, and saw 4 of its levels.

You collected 69 gold pieces.

Inventory:

Hand Weapons
 j - a +0 hunting sling
 o - a +0 flail (weapon)
Missiles
 e - 5 tomahawks (quivered)
Armour
 a - a +0 robe
 f - a +0 leather armour (worn)
Jewellery
 h - a ring of poison resistance (left hand)
 m - a cursed -3 ring of protection (right hand)
Scrolls
 n - a scroll of remove curse {unknown}
Potions
 d - a potion of degeneration {unknown}
 g - a potion of mutation {unknown}
 k - a potion of brilliance
 l - 2 potions of magic {unknown}
 p - a potion of agility {unknown}
Books
 b - a book of Air

   Spells                             Type                      Level
   a - Shock                          Conjuration/Air              1
   b - Swiftness                      Charms/Air                   2
   c - Static Discharge               Conjuration/Air              3
   d - Airstrike                      Air                          4
   e - Lightning Bolt                 Conjuration/Air              5
Comestibles
 c - 2 rations
 i - 6 chunks of flesh


   Skills:
 + Level 0.2 Fighting
 + Level 0.2 Armour
 - Level 2.1 Dodging
 - Level 2.0 Stealth
 + Level 0.2 Unarmed Combat
 - Level 2.0 Spellcasting
 - Level 4.7 Conjurations
 - Level 4.0 Air Magic


You had 2 spell levels left.
You knew the following spells:

 Your Spells              Type           Power        Failure   Level  Hunger
a - Shock                 Conj/Air       ###.         4%          1    #......
d - Static Discharge      Conj/Air       ###.....     14%         3    ###....


Dungeon Overview and Level Annotations

Branches:
Dungeon (4/15)
 Temple: D:4-7

Altars:

Annotations:
D:2 Robin


Innate Abilities, Weirdness & Mutations

You have a beak for a mouth.
You have claws for feet.


Message History

Casting: Shock
Confirm with . or Enter, or press ? or * to list all spells.
Aiming: Shock
Press: ? - help, Shift-Dir - straight line, f/p - orc
Aim: an orc, wielding a falchion of protection (lightly wounded)
The zap hits something.
The zap hits the orc.
The orc is almost dead.
The zap hits the orc.
You kill the orc!
Something hits you.
* * * LOW HITPOINT WARNING * * *
Something hits you.
* * * LOW HITPOINT WARNING * * *
Unknown command.
Unknown command.
Throwing (i - inventory):
e - 6 tomahawks (quivered)
Press: ? - help, Shift-Dir - straight line, f/p - orc
Aim: an orc, wielding a falchion of protection (almost dead)
You throw a tomahawk. Something hits you.
You die...

#.....# ###.....##.#.##
#.....# #.....##.#...
#.....# ###'#........ ...#
#.#.##.#.## ...# #.#.##.#..
...# #.#.##.#.## ...#
#.#.##(#.#
...####################.#.#
..........)..o.(@.#.......#
##.##############.........#
#.# ##........# #.####
#...##.#.# #....##
#...##.#... #o##..##
#...##.##### #.#.♣P.#
#..###.# #o#..P.# ##.# .#
#..PP..# #..


You could see an orc.

Vanquished Creatures
  Jessica (D:2)
  A leopard gecko (D:2)
  3 orcs (D:4)
  6 goblins
  5 hobgoblins
  2 frilled lizards
  3 kobolds
  5 rats
26 creatures vanquished.

Notes
Turn   | Place    | Note
-------+----------+-------------------------------------------
     0 | D:1      | letownia2 the Tengu Air Elementalist began the quest for the Orb.
     0 | D:1      | Reached XP level 1. HP: 10/10 MP: 4/4
   128 | D:1      | Reached XP level 2. HP: 11/15 MP: 1/6
   210 | D:2      | Noticed Robin
   280 | D:2      | Noticed Jessica
   285 | D:2      | Killed Jessica
   285 | D:2      | Reached XP level 3. HP: 7/19 MP: 1/7
   290 | D:2      | Learned a level 3 spell: Static Discharge
   659 | D:4      | Slain by an orc wizard

Skill      XL: |  1  2 |
---------------+-------+-----
Conjurations   | 2 4 |  4.7
Fighting       | |  0.2
Armour         | |  0.2
Dodging        | |  2.1
Stealth        | |  2.0
Unarmed Combat | |  0.2
Spellcasting   | |  2.0
Air Magic      | |  4.0

Action                   || total
-------------------------++-------
Melee: Unarmed           ||     7
Throw: Tomahawk          ||     7
 Cast: Shock             ||    44
  Use: Scroll            ||     2
Armor: Robe              ||     3
       Leather armour    ||     4
Dodge: Dodged            ||    15
